 Dungeon Crawl Stone Soup version 0.16-a0-2622-gbfab2ba (webtiles) character file.

122 PolkaDot the Caller (level 4, 0/30 HPs)
             Began as a Vampire Summoner on Nov 22, 2014.
             Slain by a water moccasin zombie (5 damage)
             ... on level 4 of the Dungeon.
             The game lasted 00:09:37 (3957 turns).

PolkaDot the Caller (Vampire Summoner)              Turns: 3957, Time: 00:09:37

Health: 0/30       AC:  4    Str:  7    XL:     4   Next: 78%
Magic:  7/7        EV: 10    Int: 18    God:
Gold:   172        SH:  0    Dex: 14    Spells: 3 memorised, 1 level left

rFire  . . .     SeeInvis +     j - +0 trident
rCold  . . .     Clarity  .     i - +0 leather armour
rNeg   . . .     SustAb   .     (no shield)
rPois  .         Gourm    .     f - +0 helmet
rElec  .         Spirit   .     (no cloak)
rCorr  .         Warding  .     (no gloves)
rMut   .         Stasis   .     (no boots)
MR     .....                    (no amulet)
Stlth  ++........               (no ring)
                                (no ring)

@: regenerating quickly, not resistant to hostile enchantments, unstealthy
A: bottle blood, fangs 3, see invisible, unbreathing
a: no special abilities


You were on level 4 of the Dungeon.
You were very full.

You visited 1 branch of the dungeon, and saw 4 of its levels.

You collected 172 gold pieces.

Inventory:

Hand weapons
 j - a +0 trident (weapon)
Armour
 a - a +0 robe
 f - a +0 helmet (worn)
 i - a +0 leather armour (worn)
Scrolls
 c - 3 scrolls of fear
 d - a scroll of blinking
 g - a scroll of immolation
 h - a scroll of enchant weapon
 k - 2 scrolls of remove curse
 l - a scroll of amnesia {unknown}
Potions
 e - a potion of haste {unknown}
Books
 b - a book of Callings

   Spells                             Type                      Level
   *Summon Small Mammal               Summoning                    1
   *Call Imp                          Summoning                    2
   *Call Canine Familiar              Summoning                    3
   Summon Guardian Golem              Hexes/Summoning              4
   Summon Lightning Spire             Summoning/Air                4
   Summon Ice Beast                   Ice/Summoning                4


   Skills:
 + Level 0.0 Fighting
 - Level 2.1 Dodging
 - Level 3.0 Stealth
 - Level 2.0 Spellcasting
 * Level 6.2 Summonings


You had one spell level left.
You knew the following spells:

 Your Spells              Type           Power        Failure   Level  Hunger
a - Summon Small Mammal   Summ           ###.         1%          1    #......
d - Call Canine Familiar  Summ           ###.....     4%          3    ###....
s - Call Imp              Summ           ###.....     1%          2    ###....


Dungeon Overview and Level Annotations

Branches:
Dungeon (4/15)
 Temple: D:4-7

Altars:
Fedhas
Trog
Yredelemnul
The Shining One


Innate Abilities, Weirdness & Mutations

Your natural rate of healing is unusually fast.
You can bottle blood from corpses.
You have razor-sharp teeth.
You have supernaturally acute eyesight.
You can survive without breathing.


Message History

You are too injured to fight recklessly!
You are too injured to fight recklessly!
You are too injured to fight recklessly!
You are too injured to fight recklessly!
The bat hits you but does no damage. x2
The water moccasin zombie closely misses you.
The bat hits you but does no damage.
You hit the water moccasin zombie.
The water moccasin zombie bites you but does no damage.
You barely miss the water moccasin zombie.
The water moccasin zombie bites you.
* * * LOW HITPOINT WARNING * * *
The water moccasin zombie barely misses you.
You barely miss the water moccasin zombie.
The water moccasin zombie bites you.
* * * LOW HITPOINT WARNING * * *
The water moccasin zombie bites you.
* * * LOW HITPOINT WARNING * * *
You hit the water moccasin zombie. The water moccasin zombie bites you.
You die...

. #.########'#######
... #.##≈≈≈≈≈≈)≈≈≈≈≈≈#
....##.##≈≈≈≈.....≈≈≈≈#
...#.##≈≈≈.......≈≈≈#
...##≈≈....⌠....≈≈#
#.?#≈...≈≈.≈≈...≈#
#b.#≈...≈..)≈...≈#
#Z##≈..⌠..⌠..⌠..≈#
#@##≈...≈...≈...≈#
#.##≈...≈≈.≈≈...≈#
#.##≈≈....⌠....≈≈#
#.##≈≈≈.......≈≈≈#
#.##≈≈≈≈.....≈≈≈≈#
#.##≈≈≈≈≈≈.≈≈≈≈≈≈#
#.########'####### #.#
#..# #.# #..#


You could see a water moccasin zombie and a bat.

Vanquished Creatures
  An adder (D:2)
  5 orcs
  A ball python (D:3)
  4 giant cockroaches
  6 goblins
  7 hobgoblins
  5 kobolds
  4 quokkas
  8 bats
  A giant gecko skeleton (D:3)
  A giant newt (D:1)
  7 jackals
  8 rats
  A spectral orc (D:2)
59 creatures vanquished.

Vanquished Creatures (collateral kills)
  Robin (D:3)
  2 adders (D:3)
  2 worms (D:3)
  A giant gecko (D:1)
  7 goblins
  6 hobgoblins
  2 bats
  A giant cockroach (D:1)
  4 kobolds
  A rat (D:1)
27 creatures vanquished.

Vanquished Creatures (others)
  A bat (D:1)
  A rat (D:1)
2 creatures vanquished.

Grand Total: 88 creatures vanquished

Notes
Turn   | Place    | Note
--------------------------------------------------------------
     0 | D:1      | PolkaDot, the Vampire Summoner, began the quest for the Orb.
     0 | D:1      | Reached XP level 1. HP: 13/13 MP: 3/3
   698 | D:1      | Reached XP level 2. HP: 17/19 MP: 4/4
  1747 | D:1      | Reached skill level 5 in Summonings
  1771 | D:1      | Reached XP level 3. HP: 24/24 MP: 6/6
  1775 | D:1      | Learned a level 2 spell: Call Imp
  1779 | D:1      | Learned a level 3 spell: Call Canine Familiar
  2117 | D:2      | Found a basalt altar of Yredelemnul.
  2596 | D:3      | Found a blossoming altar of Fedhas.
  3000 | D:3      | Reached XP level 4. HP: 28/30 MP: 7/7
  3064 | D:3      | Noticed Robin
  3101 | D:3      | Killed Robin
  3297 | D:3      | Found a bloodstained altar of Trog.
  3349 | D:3      | Reached skill level 6 in Summonings
  3504 | D:3      | Found a glowing golden altar of the Shining One.
  3957 | D:4      | Slain by a water moccasin zombie

Action                   |  1- 3 |  4- 6 || total
-------------------------+-------+-------++-------
Melee: Unarmed           |    66 |       ||    66
       Dagger            |    81 |       ||    81
       Spear             |    89 |    17 ||   106
       Trident           |       |    78 ||    78
 Cast: Summon Small Mamm |    25 |       ||    25
       Call Canine Famil |     2 |     4 ||     6
       Call Imp          |     1 |     6 ||     7
  Use: Potion            |     1 |     5 ||     6
       Scroll            |       |     6 ||     6
 Stab: Sleeping          |     7 |     1 ||     8
       Distracted        |     2 |       ||     2
  Eat: Corpse            |    17 |     7 ||    24
